 Dungeon Crawl Stone Soup version 0.31-a0-542-gdc2a67831c (webtiles) character file.

Game seed: 1939042748976573213

256 GloriousHammer the Cutter (level 6, -5/30 HPs)
             Began as a Vine Stalker Brigand on Aug 15, 2023.
             Killed by divine providence
             ... invoked by an orc priest
              (9 damage)
             ... on level 4 of the Dungeon.
             The game lasted 00:07:39 (2673 turns).

GloriousHammer the Cutter (Vine Stalker Brigand)    Turns: 2673, Time: 00:07:40

Health: -5/30      AC:  4    Str: 13    XL:     6   Next: 16%
Magic:  0/7        EV: 11    Int: 11    God:
Gold:   36         SH:  0    Dex: 18    Spells: 5/5 levels left

rFire   . . .        y - +0 short sword
rCold   . . .        (no shield)
rNeg    . . .        q - +0 robe
rPois   .            i - +0 helmet
rElec   .            c - +0 cloak
rCorr   .            (no gloves)
SInv    .            (no boots)
Will    .....        (no amulet)
Stlth   +++          (no ring)
HPRegen 1.05/turn    (no ring)
MPRegen 0.10/turn

%: guardian spirit
@: invisible
A: fangs 2, regeneration 1, magic shield, antimagic bite, no potion heal 2
a: no special abilities


You were on level 4 of the Dungeon.
You visited 1 branch of the dungeon, and saw 4 of its levels.
You also visited: Sewer.

You collected 134 gold pieces.
You spent 98 gold pieces at shops.

Inventory:

Hand Weapons
 a - a +2 dagger
 b - a +0 sling
 y - a +0 short sword (weapon)
Missiles
 d - 11 poisoned darts (quivered)
 e - 2 curare-tipped darts
Armour
 c - a +0 cloak (worn)
 i - a +0 helmet (worn)
 q - a +0 robe (worn)
 u - a +0 ring mail
Wands
 x - a wand of flame (26)
Scrolls
 f - a scroll of identify {unknown}
 g - 2 scrolls of torment {unknown}
 h - a scroll of revelation {unknown}
 j - a scroll of blinking {unknown}
 k - a scroll of enchant armour {unknown}
 n - a scroll of fear
 o - a scroll of butterflies {unknown}
 s - a scroll of noise {unknown}
 t - 2 scrolls of teleportation
 w - 2 scrolls of fog {unknown}
Potions
 l - 3 potions of heal wounds
 m - a potion of invisibility
 p - a potion of cancellation {unknown}
 r - a potion of resistance {unknown}
 v - 2 potions of might {unknown}


   Skills:
 - Level 1.7 Fighting
 * Level 5.1 Short Blades
 - Level 3.0 Throwing
 + Level 0.0 Armour
 - Level 0.7 Dodging
 - Level 4.8 Stealth


You had 5 spell levels left.
You didn't know any spells.
Your spell library contained the following spells:

 Spells                   Type           Power      Damage    Failure   Level
 Vhi's Electric Charge    Tloc/Air       0%         N/A       71%         3
 Arcjolt                  Conj/Air       0%         1d10      100%        5
 Plasma Beam              Fire/Air       0%         2x1d10    100%        6


Dungeon Overview and Level Annotations

Branches:
Dungeon (4/15)             Temple (0/1) D:4           Sewer (visited)

Altars:

Shops:
D:1 ?

Annotations:
D:2 Sigmund
D:4 1 transporter, hgbash's ghost, novice MfSh


Innate Abilities, Weirdness & Mutations

You have extremely sharp teeth.
Your natural rate of healing is unusually fast.
When hurt, damage is shared between your health and your magic reserves.
Your bite disrupts and absorbs the magic of your enemies.
Potions cannot restore your health.


Message History

Found 19 gold pieces.
Found a staircase to the Ecumenical Temple.
An orc comes into view. It is wielding a +0 flail.
An orc priest comes into view. It is wielding a +0 falchion.
An orc wizard and an orc priest come into view.
Found 10 gold pieces.
The orc priest shouts!
The orc shouts!
The orc priest shouts!
The orc shouts!
An orc comes into view. It is wielding a +0 club.
The orc closely misses you.
The orc wizard moves out of view.
The orc shouts!
You hear a shout!
You barely miss the orc.
The orc shouts!
You bite the orc. You drain its power.
The orc is moderately wounded.
The orc hits you but does no damage. The orc attacks as you move away!
The orc closely misses you.
You barely miss the orc. You bite the orc. You drain its power.
The orc is moderately wounded.
You hit the orc. Your bite misses the orc.
The orc is heavily wounded.
The orc misses you.
The orc priest calls upon Beogh to heal the orc.
The orc's wounds heal themselves!
You hit the orc but do no damage. Your bite misses the orc.
The orc barely misses you.
You hit the orc but do no damage. Your bite misses the orc. You hit the orc.
You bite the orc.
You kill the orc!
You hit the orc. You bite the orc. You drain its power.
The orc is almost dead.
The orc closely misses you.
The orc priest looks braver for a moment.
You closely miss the orc. You bite the orc.
You kill the orc!
The orc priest looks satisfied for a moment.
You hit the orc.
The orc is lightly wounded.
You hit the orc but do no damage. Your bite misses the orc.
The orc is lightly wounded.
The orc priest casts a cantrip, but nothing happens.
The orc completely misses you.
You hit the orc. Your bite misses the orc.
The orc is moderately wounded.
The orc priest calls upon Beogh to heal the orc.
The orc's wounds heal themselves!
The orc barely misses you.
You barely miss the orc. You bite the orc. You drain its power.
The orc is lightly wounded.
The orc hits you with a +0 flail.
You hit the orc.
The orc is severely wounded.
You closely miss the orc.
The orc is severely wounded.
The orc priest mumbles some strange prayers to Beogh against you.
Beogh smites you! The orc hits you with a +0 flail.
You hit the orc.
You kill the orc!
The orc priest looks encouraged for a moment.
You closely miss the orc wizard.
The orc wizard grunts loudly.
The orc wizard hits you with a +0 dagger.
You hit the orc wizard.
The orc wizard is moderately wounded.
You completely miss the orc wizard.
The orc wizard is moderately wounded.
The orc wizard hits you but does no damage.
You hit the orc wizard.
The orc wizard is moderately wounded.
The orc wizard closely misses you.
You barely miss the orc wizard. Your bite misses the orc wizard.
The orc wizard is moderately wounded.
The orc priest casts a cantrip, but nothing happens.
The orc wizard points at you and mumbles some strange words.
You are confused.
It was a potion of heal wounds.
That seemed strangely inert.
The orc wizard closely misses you.
The orc wizard attacks as you move away!
The orc wizard misses you.
You bump into the rock wall.
The orc priest invokes the aid of Beogh against you.
Beogh smites you!
* * * LOW HITPOINT WARNING * * *
It was a potion of invisibility.
You fade into invisibility!
The orc wizard points at you and mumbles some strange words.
You easily resist.
The orc barely misses you.
You closely miss the orc wizard.
You bite the orc wizard, but do no damage.
The orc wizard is moderately wounded.
You hit the orc. You bite the orc.
You kill the orc!
You feel less confused.
The orc priest calls down the wrath of Beogh upon you.
Beogh smites you!
* * * LOW HITPOINT WARNING * * *
You catch the helpless orc wizard completely off-guard!
You puncture the orc wizard!
You kill the orc wizard!
The orc priest mumbles some strange prayers to Beogh against you.
Beogh smites you!
You die...

#.<#.#.##.#.#.#.##.....
#....#....#.#....#..#..
###########.#...©#5=.©#
. ..#.#....#(#... #
#.#.##..##.# #
#.#.##..# #
#####...###.#
...$....###)##
..#$#...oo..@#
.#.#.#...###.#
#.#.#.#..# #..#
$#.>.#..## ##...
#.#.#.#.# ....
.#.#.#..# ......
o.#.#.... ####..
......... #.


You could see 2 orc priests.

Vanquished Creatures
  Pargi (Sewer)
  Jessica (D:3)
  An orc wizard (D:4)
  4 adders
  5 dart slugs
  6 orcs
  8 endoplasms
  3 giant cockroaches
  3 goblins
  2 hobgoblins
  9 jackals
  8 ball pythons
  4 bats
  14 frilled lizards
  7 kobolds
  10 rats
86 creatures vanquished.

Notes
Turn   | Place    | Note
-------+----------+-------------------------------------------
     0 | D:1      | GloriousHammer the Vine Stalker Brigand began the quest for
                  | the Orb.
     0 | D:1      | Reached XP level 1. HP: 11/11 MP: 2/2
   103 | D:1      | Reached skill level 2 in Short Blades
   153 | D:1      | Reached XP level 2. HP: 15/15 MP: 3/3
   258 | D:1      | Found Soasiyse's Magic Scroll Shop.
   461 | D:1      | Reached XP level 3. HP: 16/18 MP: 4/4
   756 | D:2      | Reached skill level 3 in Short Blades
   840 | D:1      | Bought a scroll of fear for 56 gold pieces
   911 | D:2      | Gained mutation: Your natural rate of healing is unusually
                  | fast. [Vine Stalker growth]
   911 | D:2      | Reached XP level 4. HP: 20/23 MP: 3/5
  1046 | D:2      | Noticed Sigmund
  1694 | D:1      | Bought a scroll of teleportation for 42 gold pieces
  1973 | D:3      | Found a glowing drain.
  2041 | D:3      | Reached XP level 5. HP: 26/26 MP: 6/6
  2048 | Sewer    | Entered a sewer
  2066 | Sewer    | Noticed Pargi
  2079 | Sewer    | Killed Pargi
  2080 | Sewer    | Reached skill level 4 in Short Blades
  2218 | D:3      | Noticed Jessica
  2224 | D:3      | Killed Jessica
  2225 | D:3      | Reached skill level 5 in Short Blades
  2225 | D:3      | Reached XP level 6. HP: 24/30 MP: 5/7
  2627 | D:4      | Found a transporter.
  2628 | D:4      | Noticed hgbash's ghost (novice MfSh)
  2637 | D:4      | Found a staircase to the Ecumenical Temple.
  2673 | D:4      | Killed from afar by an orc priest

Illustrated notes

Levels and vault maps discovered:
D:1:      co_arrival_square_in_a_square_in_a_square, layout_loops_ring,
          serial_shops, shop
D:2:      layout_basic, uniq_sigmund
D:3:      layout_basic, gup_sewer_entry_glass, uniq_jessica
D:4:      kennysheep_spiral_hall, layout_basic,
          mainiacjoe_overflow_tiny_flanked, minmay_temple_entry_grid,
          gammafunk_ghost_stat_death, serial_bayou, serial_bayou_lagoon_a,
          serial_bayou_pond_b, serial_bayou_shore_b, serial_bayou_pond_e

Skill      XL: |  1  2  3  4  5 |
---------------+----------------+-----
Short Blades   | 2 3 5 |  5.1
Throwing       | 2 3 |  3.0
Fighting       | |  1.7
Dodging        | |  0.7
Stealth        | |  4.8

Action                     |  1- 3 |  4- 6 || total
---------------------------+-------+-------++-------
  Melee: Dagger            |    83 |   100 ||   183
         Bite              |    18 |    36 ||    54
         Punch             |     1 |     1 ||     2
         Short sword       |       |    23 ||    23
   Fire: Sling             |       |    18 ||    18
  Throw: Dart              |       |     2 ||     2
    Use: Potion            |       |     2 ||     2
   Stab: Sleeping          |    13 |     9 ||    22
         Invisible         |       |     1 ||     1
 Armour: Robe              |    12 |    21 ||    33
  Dodge: Dodged            |    42 |    72 ||   114

Table legend: (Time is in decaauts)
 A = Elapsed time spent in this place.
 B = Non-inter-level travel time spent in this place.
 C = Inter-level travel time spent in this place.
 D = Time resting spent in this place.
 E = Time spent auto-exploring this place.
 F = Levels seen in this place.
 G = Mean time per level.
                   A        B        C        D        E       F      G
               +--------+--------+--------+--------+--------+-----+--------+
         Total |   2679 |   2439 |    240 |    161 |   1496 |   5 |  535.8 |
       Dungeon |   2481 |   2241 |    240 |    161 |   1389 |   4 |  620.2 |
         Sewer |    198 |    198 |      0 |      0 |    107 |   1 |  198.0 |
               +--------+--------+--------+--------+--------+-----+--------+

Top non-repeatable levels by time:
     D:1: 876 daAuts
     D:2: 858 daAuts
     D:3: 645 daAuts
   Sewer: 198 daAuts
     D:4: 101 daAuts
